 Dungeon Crawl Stone Soup version 0.21-a0-398-g2ec2765 (webtiles) character file.

49 Drevant the Magician (level 3, -8/25 HPs)
             Began as a Gnoll Wanderer on Oct 20, 2017.
             Killed by nerve-wracking pain
             ... invoked by an orc priest
              (10 damage)
             ... on level 2 of the Dungeon.
             The game lasted 00:05:20 (1220 turns).

Drevant the Magician (Gnoll Wanderer)               Turns: 1220, Time: 00:05:21

Health: -8/25      AC:  2    Str: 15    XL:     3   Next: 75%
Magic:  9/11       EV: 12    Int: 14    God:
Gold:   19         SH:  0    Dex: 14    Spells: 13/16 levels left

rFire    . . .     SeeInvis .   b - +0 blowgun
rCold    . . .     Gourm    .   (no shield)
rNeg     . . .     Faith    .   e - +0 robe
rPois    .         Spirit   .   (no helmet)
rElec    .         Reflect  .   (no cloak)
rCorr    .         Harm     .   (no gloves)
MR       .....                  (no boots)
Stlth    ++........             (no amulet)
HPRegen  0.08/turn              (no ring)
MPRegen  0.12/turn              (no ring)

@: no status effects
A: distributed training, fangs 1, strong nose
a: no special abilities


You were on level 2 of the Dungeon.
You were not hungry.

You visited 1 branch of the dungeon, and saw 2 of its levels.

You collected 19 gold pieces.

Inventory:

Hand Weapons
 a - a +0 short sword
 b - a +0 blowgun (weapon)
Missiles
 o - 4 needles of frenzy (quivered)
Armour
 e - a +0 robe (worn)
 g - a +0 pair of boots
Jewellery
 l - an uncursed ring of protection from magic {unknown}
Scrolls
 i - a scroll of blinking {unknown}
 j - 2 scrolls of teleportation {unknown}
 p - a scroll of recharging {unknown}
 v - a scroll of identify {unknown}
Potions
 h - a potion of brilliance {unknown}
 n - 2 potions of might {unknown}
 q - 2 potions of curing {unknown}
 s - a potion of flight {unknown}
 t - a potion of lignification {unknown}
 w - a potion of haste {unknown}
Books
 d - the Catalogue of the Volcanoes

   Spells                             Type                      Level
   a - Flame Tongue                   Conjuration/Fire             1
   b - Ignite Poison                  Fire/Transmutation/Poison    3
 r - a book of Minor Magic

   Spells                             Type                      Level
   a - Magic Dart                     Conjuration                  1
   b - Blink                          Translocation                2
   c - Call Imp                       Summoning                    2
   d - Slow                           Hexes                        2
   e - Conjure Flame                  Conjuration/Fire             3
   f - Mephitic Cloud                 Conjuration/Poison/Air       3
 x - a book of Misfortune

   Spells                             Type                      Level
   a - Confusing Touch                Hexes                        1
   b - Confuse                        Hexes                        3
   c - Gell's Gravitas                Translocation                3
   d - Petrify                        Transmutation/Earth          4
   e - Metabolic Englaciation         Hexes/Ice                    5
   f - Yara's Violent Unravelling     Hexes/Transmutation          5
Comestibles
 f - 5 bread rations
 k - 2 meat rations
 m - a royal jelly
 u - 5 chunks of flesh


   Skills:
 + Level 0.9 Fighting
 + Level 0.9 Short Blades
 + Level 0.9 Long Blades
 + Level 0.9 Axes
 + Level 0.9 Maces & Flails
 + Level 4.5 Polearms
 + Level 0.9 Staves
 + Level 0.9 Slings
 + Level 0.9 Bows
 + Level 0.9 Crossbows
 + Level 4.5 Throwing
 + Level 0.9 Armour
 + Level 0.9 Dodging
 + Level 2.4 Stealth
 + Level 0.9 Shields
 + Level 0.9 Unarmed Combat
 + Level 7.1 Spellcasting
 + Level 0.6 Conjurations
 + Level 0.6 Hexes
 + Level 0.6 Charms
 + Level 0.6 Summonings
 + Level 2.1 Necromancy
 + Level 0.6 Translocations
 + Level 0.6 Transmutations
 + Level 2.1 Fire Magic
 + Level 0.6 Ice Magic
 + Level 0.6 Air Magic
 + Level 0.6 Earth Magic
 + Level 0.6 Poison Magic
 + Level 1.0 Invocations
 + Level 0.9 Evocations


You had 13 spell levels left.
You knew the following spells:

 Your Spells              Type           Power        Failure   Level  Hunger
a - Flame Tongue          Conj/Fire      #....        8%          1    None
b - Call Imp              Summ           #.......     16%         2    None


Dungeon Overview and Level Annotations

Branches:
Dungeon (2/15)

Altars:


Innate Abilities, Weirdness & Mutations

Your experience applies equally to all skills.
You have very sharp teeth.
Your uncanny sense of smell can sniff out nearby items.


Message History

Confirm with . or Enter, or press ? or * to list all spells.
Aiming: Flame Tongue
Press: ? - help, Shift-Dir - straight line, f/p - orc priest
Aim: an orc priest, wielding a dagger and wearing a scale mail (heavily wounded)
The flame tongue hits the orc priest.
The orc priest is severely wounded.
The orc priest mumbles some strange prayers to Beogh against you.
Beogh smites you!
Ouch! That really hurt!
* * * LOW HITPOINT WARNING * * *
Casting: Flame Tongue
Confirm with . or Enter, or press ? or * to list all spells.
Aiming: Flame Tongue
Press: ? - help, Shift-Dir - straight line, f/p - orc priest
Aim: an orc priest, wielding a dagger and wearing a scale mail (severely wounded)
The flame tongue hits the orc priest.
The orc priest appears unharmed.
The orc priest is severely wounded.
The orc priest calls down the wrath of Beogh upon you.
Pain shoots through your body!
You die...

#...#.## #.........###### ##.##.#
.. #..........# ......# ##.##
#.......รท..# ##.#### #...#
#...(......# ##.#### #...#
#..........# ......# #...#
#.......)..##### ....#.# #...#
#..........#....
#...#.#####<..####..........#....
....#...........@..##.....#.#....
...................o)(...(#......
...................##.((..###....
#.#.#######...#######.....# #....
....# #...# ##.#### #.... ##.#
#...# #.# ##### #. #...# #o#
##...## #.####### #.....#
#.......#


You could see an orc priest.

Vanquished Creatures
  2 adders (D:2)
  3 dart slugs
  An orc (D:2)
  2 giant cockroaches (D:1)
  3 goblins
  4 jackals
  A quokka (D:2)
  2 bats (D:2)
  2 frilled lizards (D:1)
  3 kobolds (D:1)
  2 rats (D:1)
25 creatures vanquished.

Vanquished Creatures (others)
  An orc (D:2)
1 creature vanquished.

Grand Total: 26 creatures vanquished

Notes
Turn   | Place    | Note
-------+----------+-------------------------------------------
     0 | D:1      | Drevant the Gnoll Wanderer began the quest for the Orb.
     0 | D:1      | Drevant set off with: a book of Minor Magic, the Catalogue of the Volcanoes, 11 poisoned needles, a +0 blowgun, a +0 robe, a bread ration
     0 | D:1      | Reached XP level 1. HP: 13/13 MP: 8/8
     0 | D:1      | Identified the Catalogue of the Volcanoes
    15 | D:1      | Learned a level 1 spell: Flame Tongue
    93 | D:1      | Reached XP level 2. HP: 11/19 MP: 3/10
   808 | D:1      | Learned a level 2 spell: Call Imp
   951 | D:2      | Reached XP level 3. HP: 25/25 MP: 9/11
  1103 | D:2      | Reached skill level 1 in Invocations
  1220 | D:2      | Killed from afar by an orc priest

Vault maps used:
D:1:      scummos_arrival_forest, hex_tiny
D:2:      first_bread, serial_bayou_pond_b

Skill      XL: |  1  2  3 |
---------------+----------+-----
Necromancy     | 2 |  2.1
Fire Magic     | 2 |  2.1
Invocations    | 1 |  1.0
Fighting       | |  0.9
Short Blades   | |  0.9
Long Blades    | |  0.9
Axes           | |  0.9
Maces & Flails | |  0.9
Polearms       | |  4.5
Staves         | |  0.9
Slings         | |  0.9
Bows           | |  0.9
Crossbows      | |  0.9
Throwing       | |  4.5
Armour         | |  0.9
Dodging        | |  0.9
Stealth        | |  2.4
Shields        | |  0.9
Unarmed Combat | |  0.9
Spellcasting   | |  7.1
Conjurations   | |  0.6
Hexes          | |  0.6
Charms         | |  0.6
Summonings     | |  0.6
Translocations | |  0.6
Transmutations | |  0.6
Ice Magic      | |  0.6
Air Magic      | |  0.6
Earth Magic    | |  0.6
Poison Magic   | |  0.6
Evocations     | |  0.9

Action                   || total
-------------------------++-------
 Fire: Blowgun           ||    20
 Cast: Flame Tongue      ||    50
  Eat: Chunk             ||     1
Armor: Robe              ||     6
Dodge: Dodged            ||    21

Table legend:
 A = Spawn XP
 B = Non-spawn XP
 C = Spawn XP percentage of total XP
 D = Spawn monster count
 E = Non-spawn monster count
 F = Spawn count percentage of total count
 G = Total turns spent on level
                    A         B        C        D         E        F      G
               +---------+---------+-------+---------+---------+-------+---------
         Total |       0 |      70 |   0.0 |       0 |      25 |   0.0 |  1220
               +---------+---------+-------+---------+---------+-------+---------
           D:1 |       0 |      26 |   0.0 |       0 |      14 |   0.0 |   880
           D:2 |       0 |      44 |   0.0 |       0 |      11 |   0.0 |   340
               +---------+---------+-------+---------+---------+-------+---------
